 Dungeon Crawl Stone Soup version 0.29-a0-8-g0446c0dae4 (webtiles) character file.

Game seed: 8138566553346764184

1563 ReploidZero the Thaumaturge (level 9, -4/55 HPs)
             Began as a Djinni Conjurer on Jan 27, 2022.
             Was an Initiate of Hepliaklqana.
             Slain by an unseen horror (7 damage)
             ... on level 5 of the Dungeon.
             The game lasted 00:16:18 (5922 turns).

ReploidZero the Thaumaturge (Djinni Conjurer)       Turns: 5922, Time: 00:16:19

Health: -4/55      AC:  3    Str:  6    XL:     9   Next: 13%
Gold:   95         EV: 12    Int: 24    God:    Hepliaklqana [......] SH:  0 Dex: 12

rFire   + + .      SeeInvis .   l - +0 quarterstaff
rCold   x . .      Faith    .   (shield currently unavailable)
rNeg    . . .      Spirit   .   a - +0 robe
rPois   ∞          Reflect  .   (no helmet)
rElec   .          Harm     .   h - +0 cloak
rCorr   .          Rampage  .   (no gloves)
Will    .....                   (boots unavailable)
Stlth   ++........              (no amulet)
HPRegen 0.18/turn               (no ring)
MPRegen 0.00/turn               (no ring)

@: flying, hasted, very quick
A: sickness immunity, fire resistance 2, cold vulnerability 1, float, innate
caster, hp casting, extra vitality 1
a: Renounce Religion


You were on level 5 of the Dungeon.
You worshipped Hepliaklqana.
Hepliaklqana was noncommittal.
You visited 1 branch of the dungeon, and saw 5 of its levels.

You collected 161 gold pieces.
You spent 55 gold pieces at shops.
You donated 11 gold pieces to Zin.

Inventory:

Hand Weapons
 l - a +0 quarterstaff (weapon)
Missiles
 c - 110 stones
Armour
 a - a +0 robe (worn)
 h - a +0 cloak (worn)
 q - +0 acid dragon scales
Jewellery
 p - a ring of willpower
Wands
 i - a wand of paralysis (6)
Scrolls
 d - 3 scrolls of teleportation
 m - 4 scrolls of identify
 o - a scroll of magic mapping {unknown}
 r - a scroll of enchant armour {unknown}
 t - a scroll of torment {unknown}
Potions
 b - a potion of attraction
 e - 2 potions of magic
 f - a potion of flight
 g - a potion of heal wounds {unknown}
 j - a potion of brilliance {unknown}
 k - a potion of resistance {unknown}
 n - a potion of haste
 s - a potion of curing {unknown}


   Skills:
 - Level 2.1 Dodging
 - Level 1.5 Stealth
 + Level 8.0 Spellcasting
 - Level 5.1 Invocations


You couldn't memorise any spells.
You knew the following spells:

 Your Spells              Type           Power      Damage    Failure   Level
a - Magic Dart            Conj           100%       1d8       1%          1
b - Searing Ray           Conj           96%        2d7       1%          2
c - Dazzling Flash        Conj/Hex       96%        N/A       1%          3
d - Fulminant Prism       Conj/Hex       24%        3d13      2%          4
e - Iskenderun's Mystic   Conj/Tloc      48%        2d11      2%          4
f - Sandblast             Erth           96%        2d20      1%          1
g - Static Discharge      Conj/Air       48%        N/A       1%          2
h - Gell's Gravitas       Tloc           48%        N/A       1%          3
i - Flame Wave            Conj/Fire      48%        2d10      2%          4
Your spell library was empty.

Dungeon Overview and Level Annotations

Branches:
Dungeon (5/15)             Temple (0/1) D:5

Altars:
Hepliaklqana
Wu Jian
Zin

Shops:
D:3 *


Innate Abilities, Weirdness & Mutations

You are immune to sickness and miasma.
You are immune to poison.
Your flesh is very heat resistant. (rF++)
You are vulnerable to cold. (rC-)
You float through the air rather than walking.
You learn spells naturally, not from books.
Your magical power is your life essence.
You have superior vitality. (+4 MHP)


Message History

Press: ? - help, Q - select action, (/) - cycle Shift-Dir - straight line, f/p - ogre
Aim: an ogre, wielding a +0 giant club (heavily wounded, 92% to hit)
The blast of sand hits the ogre!!
You kill the ogre!
Something hits you.
Your Spellcasting skill increases to level 8!
Something hits you!
An orc comes into view.
It is wielding a +2 hand axe of freezing.
Something hits you!
An orc wizard comes into view. It is wielding a +0 dagger.
The orc moves out of view.
Aiming: Sandblast (safe; 1% risk of failure)
Press: ? - help, Q - select action, (/) - cycle Shift-Dir - straight line, f - orc
Aim: an orc, wielding a +0 falchion (83% to hit)
The blast of sand hits the orc!!
You kill the orc!
Something hits you but does no damage.
Aiming: Sandblast (safe; 1% risk of failure)
Press: ? - help, Q - select action, (/) - cycle Shift-Dir - straight line, f - orc
Aim: an orc, wielding a +0 short sword (83% to hit)
The blast of sand hits the orc!
You kill the orc!
Something hits you. Something hits you!
Aiming: Sandblast (safe; 1% risk of failure)
Press: ? - help, Q - select action, (/) - cycle Shift-Dir - straight line, f - orc wizard
Aim: an orc wizard, wielding a +0 dagger and wearing a +0 robe (79% to hit)
The blast of sand hits the orc wizard!!
You kill the orc wizard!
Something hits you!
* * * LOW HITPOINT WARNING * * *
You are too injured to fight recklessly!
Unknown command.
You are too injured to fight recklessly!
You are too injured to fight recklessly!
It was a potion of haste.
You feel yourself speed up. Something hits you.
* * * LOW HITPOINT WARNING * * *
Something hits you!
* * * LOW HITPOINT WARNING * * *
Something hits you but does no damage. Something hits you!
You die...

........##....#.#
...#.....#....#.## ...#
......##...###...# ...
..#...##.........#...# .
..#......##.##.......## ..
.###.......##...## ...#...
.#...............##.......
....#...........##..))....
..........♣..♣..@...#
....................#
.#.#....♣......♣..).#
.##.....................
....<....................
...#....♣......♣...#.....
##.#.............#.#.....
..........♣..♣...........
.....##.........#......##


There were no monsters in sight!

Vanquished Creatures
  Grinder (D:4)
  Sigmund (D:2)
  Eustachio (D:4)
  Duvessa (D:5)
  2 centaurs (D:5)
  3 ogres (D:5)
  Blork the orc (D:4)
  A scorpion (D:5)
  Dowan (D:5)
  A bullfrog zombie (D:5)
  A hound (D:4)
  An orc priest (D:4)
  A centaur skeleton (D:5)
  Jessica (D:2)
  An orc wizard (D:5)
  7 gnolls (D:3)
  6 adders
  2 worms
  4 dart slugs
  11 orcs
  4 ball pythons
  4 bats
  5 endoplasms
  4 giant cockroaches
  12 goblins
  6 hobgoblins
  9 jackals
  6 frilled lizards
  4 kobolds
  5 rats
107 creatures vanquished.

Notes
Turn   | Place    | Note
-------+----------+-------------------------------------------
     0 | D:1      | ReploidZero the Djinni Conjurer began the quest for the
                  | Orb.
     0 | D:1      | Reached XP level 1. HP: 15/15 MP: 0/0
   158 | D:1      | Reached XP level 2. HP: 9/21 MP: 0/0
   789 | D:1      | Reached XP level 3. HP: 17/25 MP: 0/0
   789 | D:1      | Learned a level 1 spell: Sandblast
  1008 | D:1      | Reached skill level 4 in Spellcasting
  2119 | D:2      | Found a faded altar of an unknown god.
  2137 | D:2      | Reached XP level 4. HP: 24/31 MP: 0/0
  2372 | D:2      | Prayed at the altar of an unknown god.
  2372 | D:2      | Became a worshipper of Zin the Law-Giver
  2372 | D:2      | Reached * piety under Zin
  2397 | D:2      | Found an ornate altar of the Wu Jian Council.
  2441 | D:2      | Noticed Jessica
  2446 | D:2      | Killed Jessica
  2587 | D:2      | Noticed Sigmund
  2905 | D:2      | Killed Sigmund
  2906 | D:2      | Reached skill level 5 in Spellcasting
  2906 | D:2      | Reached XP level 5. HP: 12/35 MP: 0/0
  2906 | D:2      | Learned a level 2 spell: Static Discharge
  2906 | D:2      | Reached XP level 6. HP: 14/40 MP: 0/0
  3265 | D:3      | Found a hazy altar of Hepliaklqana.
  3573 | D:3      | Reached ** piety under Zin
  3578 | D:3      | Found Wecliall's General Store.
  3589 | D:3      | Bought a scroll of teleportation for 33 gold pieces
  3589 | D:3      | Bought a scroll of identify for 22 gold pieces
  3824 | D:3      | Reached skill level 1 in Invocations
  4097 | D:3      | Reached XP level 7. HP: 19/45 MP: 0/0
  4097 | D:3      | Learned a level 3 spell: Gell's Gravitas
  4309 | D:3      | Found a glowing silver altar of Zin.
  4614 | D:4      | Noticed Eustachio
  4623 | D:4      | Killed Eustachio
  4624 | D:4      | Reached skill level 6 in Spellcasting
  4654 | D:3      | Fell from the grace of Zin
  4654 | D:3      | Became a worshipper of Hepliaklqana the Forgotten
  4722 | D:4      | Noticed Grinder
  4723 | D:4      | Paralysed by Grinder for 4 turns
  4734 | D:4      | Killed Grinder
  4735 | D:4      | Reached XP level 8. HP: 27/50 MP: 0/0
  5176 | D:4      | Noticed Blork the orc
  5181 | D:4      | Killed Blork the orc
  5320 | D:5      | Entered Level 5 of the Dungeon
  5409 | D:5      | Reached skill level 7 in Spellcasting
  5409 | D:5      | Reached skill level 5 in Invocations
  5590 | D:5      | Found a staircase to the Ecumenical Temple.
  5607 | D:5      | Noticed Dowan
  5608 | D:5      | Noticed Duvessa
  5617 | D:5      | Killed Dowan
  5621 | D:5      | Killed Duvessa
  5746 | D:5      | Reached XP level 9. HP: 32/55 MP: 0/0
  5746 | D:5      | Learned a level 4 spell: Flame Wave
  5915 | D:5      | Reached skill level 8 in Spellcasting
  5922 | D:5      | Slain by an unseen horror

Illustrated notes

Levels and vault maps discovered:
D:1:      lightli_arrival_noodles, layout_basic
D:2:      layout_loops_cross, hellmonk_ecumenical_altar_pennies_from_heaven,
          basic_altar, minmay_small_reverse_x, uniq_sigmund, uniq_jessica
D:3:      layout_basic, lemuel_doored_altar, mainiacjoe_overflow_tiny_flanked,
          serial_shops, shop, mrwooster_statue_mirror, dk_noncrumbling_2
D:4:      layout_basic, uniq_eustachio, uniq_blork_the_orc, uniq_grinder
D:5:      layout_cave_pools, temple_statues, minmay_misc_feat_plants,
          fountainhead, uniq_duvessa

Skill      XL: |  1  2  3  4  5  6  7  8  9 |
---------------+----------------------------+-----
Spellcasting   | 4 5 6 7 8 |  8.0
Invocations    | 1 3 5 |  5.1
Dodging        | |  2.1
Stealth        | |  1.5

Action                   |  1- 3 |  4- 6 |  7- 9 || total
-------------------------+-------+-------+-------++-------
Melee: Dagger            |    28 |     4 |       ||    32
       Quarterstaff      |       |    30 |    15 ||    45
 Cast: Magic Dart        |    42 |     5 |       ||    47
       Searing Ray       |     2 |     1 |     1 ||     4
       Sandblast         |     7 |    48 |    43 ||    98
       Static Discharge  |       |       |     3 ||     3
       Iskenderun's Myst |       |       |     6 ||     6
Invok: Recite            |       |     3 |     1 ||     4
  Use: Potion            |       |     1 |     1 ||     2
       Scroll            |       |     2 |     1 ||     3
 Stab: Sleeping          |     1 |     2 |       ||     3
Armor: Robe              |    12 |    13 |    10 ||    35
Dodge: Dodged            |    17 |    32 |    27 ||    76

Table legend: (Time is in decaauts)
 A = Elapsed time spent in this place.
 B = Non-inter-level travel time spent in this place.
 C = Inter-level travel time spent in this place.
 D = Time resting spent in this place.
 E = Time spent auto-exploring this place.
 F = Levels seen in this place.
 G = Mean time per level.
                   A        B        C        D        E       F      G
               +--------+--------+--------+--------+--------+-----+--------+
         Total |   5937 |   5768 |    169 |     72 |   4900 |   5 | 1187.4 |
       Dungeon |   5937 |   5768 |    169 |     72 |   4900 |   5 | 1187.4 |
               +--------+--------+--------+--------+--------+-----+--------+

Top non-repeatable levels by time:
     D:1: 2042 daAuts
     D:3: 1307 daAuts
     D:2: 1199 daAuts
     D:4: 818 daAuts
     D:5: 569 daAuts
